AoeStats
← MagniX

Arabia

504578631Analyzed
1v1 RM · 27d ago on Sep 5, 2026· 45m 52s· 2 players
Game mode
Random Map
Map size
Tiny (2 player)
Population
200
Speed
Normal
Resources
Standard
Victory
Conquest
Starting age
Dark Age
Ending age
Imperial Age
RankedLock teamsTeams togetherTeam positionsShared explorationLock speedFull tech treeHidden civsTurbo modeCheats
Victory
Defeat
🇪🇨 Magyars · Ecuador
824
+17
🇮🇹 Koreans · Italy
847
-17
McNuggets
8:13 Loom
10:32 Feudal Age
15:46 Double-Bit Axe
17:40 Bloodlines
22:40 Castle Age
22:42 Elite Skirmisher
23:29 Thumb Ring
24:38 Bow Saw
29:04 Husbandry
30:11 Fletching
30:22 Padded Archer Armor
32:05 Wheelbarrow
31:15 Town Watch
32:59 Ballistics
34:42 Bodkin Arrow
37:58 Gold Mining
38:00 Stone Mining
42:47 Imperial Age
43:38 Bracer
44:00 Heavy Cavalry Archer
45:20 Parthian Tactics
MagniX
7:18 Loom
9:56 Feudal Age
13:06 Double-Bit Axe
13:02 Horse Collar
20:14 Castle Age
23:00 Fletching
25:43 Bodkin Arrow
29:44 Forging
29:39 Scale Barding Armor
33:06 Iron Casting
32:53 Chain Barding Armor
32:48 Bow Saw
32:39 Heavy Plow
32:32 Gold Mining
32:33 Stone Mining
32:34 Town Watch
37:03 Ballistics
40:29 Imperial Age
Connection lost

Rejoining the realm…

Still unreachable

The connection could not be restored.

Session expired

The server has moved on; the page needs a fresh start.